 Dungeon Crawl Stone Soup version 0.17-a0-1910-g4c791fa (webtiles) character file.

74928 ololoev the Severer (level 15, -2/134 HPs)
             Began as a Hill Orc Fighter on Sept 25, 2015.
             Was the Champion of Makhleb.
             Slain by an alligator (9 damage)
             ... led by an alligator
             ... on level 4 of the Swamp.
             The game lasted 01:12:47 (8238 turns).

ololoev the Severer (Hill Orc Fighter)              Turns: 8238, Time: 01:12:48

Health: -2/134     AC: 32    Str: 28    XL:     15   Next: 48%
Magic:  25/25      EV: 11    Int:  8    God:    Makhleb [******]
Gold:   947        SH:  0    Dex: 11    Spells: 2 memorised, 4 levels left

rFire  + . .     SeeInvis .     a - +9 battleaxe (drain)
rCold  + . .     Clarity  .     q - +1 plate armour of Xewk {rElec Regen+ Int-4}
rNeg   . . .     SustAt   .     (no shield)
rPois  +         Gourm    .     (no helmet)
rElec  +         Spirit   .     g - +2 cloak {rPois}
rCorr  .         Warding  .     D - +0 pair of gloves "Mozxid" {rF+ Int+3 Stlth+}
rMut   .         Stasis   .     u - +2 pair of boots
MR     +....                    F - amulet of rage
Stlth  ..........               J - ring of the Octopus King {Wiz AC+1 EV+1 Str+1 Int+1 Dex+1}
                                B - ring of protection from cold

@: very slightly contaminated, invisible, somewhat resistant to hostile
enchantments, extremely unstealthy
A: rough black scales 1, thin metallic scales 1, strong 1, subdued magic 1
a: Minor Destruction, Lesser Servant of Makhleb, Major Destruction, Greater
Servant of Makhleb, Renounce Religion, Evoke Berserk Rage


Innate Abilities, Weirdness & Mutations

You are partially covered in rough black scales (AC +4, Dex -1).
You are partially covered in thin metallic scales (AC +2).
Your muscles are strong. (Str +2)
Your spells are a little easier to cast, but a little less powerful.

Inventory:

Hand weapons
 a - a +9 battleaxe of draining (weapon)
Armour
 g - a +2 cloak of poison resistance (worn)
 q - the +1 plate armour of Xewk (worn) {rElec Regen+ Int-4}
   (You bought it in a shop on level 4 of the Orcish Mines)

   It affects your intelligence (-4).
   It insulates you from electricity.
   It increases your rate of regeneration.
 u - a +2 pair of boots (worn)
 w - a +1 pair of gloves
 D - the +0 pair of gloves "Mozxid" (worn) {rF+ Int+3 Stlth+}
   (You found it on level 5 of the Lair of Beasts)

   It affects your intelligence (+3).
   It protects you from fire.
   It makes you more stealthy.
Jewellery
 o - an uncursed ring of flight
 B - a ring of protection from cold (left hand)
 F - an amulet of rage (around neck)
 H - an uncursed amulet of resist mutation
 J - a ring of the Octopus King (right hand) {Wiz AC+1 EV+1 Str+1 Int+1 Dex+1}
   (You found it on level 6 of the Lair of Beasts)

   [ring of wizardry]

   It improves your spell success rate.
   It affects your AC (+1).
   It affects your evasion (+1).
   It affects your strength (+1).
   It affects your intelligence (+1).
   It affects your dexterity (+1).
Magical devices
 n - a wand of heal wounds (5)
 p - a wand of digging (10)
 r - a wand of disintegration (6)
 x - a wand of fireball (12)
 z - a wand of invisibility (0)
 E - a wand of paralysis (13)
Scrolls
 f - 2 scrolls of remove curse
 i - 5 scrolls of magic mapping
 k - 3 scrolls of fear
 s - a scroll of enchant armour
 y - 2 scrolls of recharging
 A - 2 scrolls of teleportation
 C - a scroll of identify
 I - a scroll of summoning
Potions
 b - 4 potions of curing
 c - 2 potions of brilliance
 j - 2 potions of heal wounds
Miscellaneous
 t - a disc of storms
 G - a plain deck of summoning {drawn: 2}
Comestibles
 d - 8 slices of pizza
 e - 6 bread rations
 h - 2 fruits
 l - 7 meat rations
 m - 10 chunks of flesh
 v - 5 beef jerkies


   Skills:
 + Level 12.9 Fighting
 * Level 18.4 Axes
 + Level 11.9 Armour
 + Level 5.5 Dodging
   Level 3.2 Shields
 - Level 3.8 Charms
 - Level 4.0 Necromancy
 + Level 13.6 Invocations
 * Level 9.7 Evocations


You had 4 spell levels left.
You knew the following spells:

 Your Spells              Type           Power        Failure   Level  Hunger
a - Regeneration          Chrm/Necr      #.........   82%         3    ####...
b - Controlled Blink      Tloc           N/A          100%        7    #######


You were on level 4 of the Swamp.
You worshipped Makhleb.
Makhleb was exalted by your worship.
You were not hungry.

You visited 5 branches of the dungeon, and saw 30 of its levels.

You collected 1949 gold pieces.
You spent 1002 gold pieces at shops.

.≈.♣.≈♣♣♣.≈≈≈
.≈≈..≈≈♣ ♣♣
♣≈≈≈.≈.♣♣.≈
#.≈♣....≈≈.
≈≈.≈.≈≈≈§≈
##†k≈≈≈≈≈≈≈
##§D§†§≈≈≈≈≈
#§♣§Dffk≈.≈.♣
♣≈.D@F.≈≈..♣
♣..≈.♣tD♣♣♣♣≈..
?.≈≈..≈≈.♣
≈....≈♣≈≈♣
≈..≈≈..≈§♣
..§≈≈§PPPP


≈♣.PPPPPPP ≈.≈.≈.≈.≈≈

Notes
Turn   | Place    | Note
--------------------------------------------------------------
     0 | D:1      | ololoev the Hill Orc Fighter began the quest for the Orb.
     0 | D:1      | Reached XP level 1. HP: 19/19 MP: 1/1
     6 | D:2      | Reached XP level 2. HP: 18/27 MP: 2/2
     8 | D:2      | Reached skill level 4 in Axes
     8 | D:2      | Reached XP level 3. HP: 22/33 MP: 3/3
    83 | D:2      | Reached XP level 4. HP: 14/40 MP: 4/4
   371 | D:5      | Entered Level 5 of the Dungeon
   434 | D:6      | Gained mutation: You are partially covered in thin metallic scales (AC +2). [potion of mutation]
   434 | D:6      | Gained mutation: You are partially covered in rough black scales (AC +4, Dex -1). [potion of mutation]
   434 | D:6      | Gained mutation: Your spells are a little easier to cast, but a little less powerful. [potion of mutation]
   436 | D:6      | Gained mutation: Your muscles are strong. (Str +2) [potion of beneficial mutation]
   460 | D:6      | Reached skill level 5 in Axes
   460 | D:6      | Reached XP level 5. HP: 6/47 MP: 5/5
   734 | D:4      | Reached skill level 5 in Fighting
   734 | D:4      | Reached XP level 6. HP: 43/56 MP: 6/6
   784 | D:3      | Reached skill level 6 in Axes
   827 | D:5      | Noticed an ogre
   842 | D:5      | Killed an ogre
  1012 | D:6      | Noticed a centaur
  1031 | D:6      | Killed a centaur
  1071 | D:6      | Noticed an ogre
  1126 | D:6      | Noticed a water moccasin
  1131 | D:6      | Killed a water moccasin
  1131 | D:6      | Reached skill level 7 in Axes
  1131 | D:6      | Reached skill level 5 in Armour
  1131 | D:6      | Reached XP level 7. HP: 31/62 MP: 7/7
  1410 | D:7      | Noticed Joseph
  1417 | D:7      | Reached skill level 1 in Evocations
  1429 | D:7      | Killed Joseph
  1429 | D:7      | Reached skill level 8 in Axes
  1429 | D:7      | Reached XP level 8. HP: 47/71 MP: 7/9
  1439 | D:7      | Found a shadowy altar of Dithmenos.
  1472 | D:7      | Noticed a wyvern
  1489 | D:7      | Killed a wyvern
  1618 | D:7      | Noticed a centaur
  1627 | D:7      | Killed a centaur
  1627 | D:7      | Reached skill level 9 in Axes
  1788 | D:6      | Killed an ogre
  1903 | D:6      | Found a staircase to the Ecumenical Temple.
  1912 | Temple   | Entered the Ecumenical Temple
  1933 | Temple   | Became a worshipper of Makhleb the Destroyer
  2044 | D:7      | Noticed a human
  2059 | D:7      | Killed a human
  2059 | D:7      | Reached skill level 1 in Invocations
  2151 | D:7      | Reached XP level 9. HP: 71/79 MP: 11/11
  2161 | D:7      | Reached skill level 10 in Axes
  2247 | D:7      | Found an iron altar of Okawaru.
  2328 | D:6      | Noticed a giant frog
  2338 | D:6      | Acquired Makhleb's first power
  2342 | D:6      | Killed a giant frog
  2559 | D:9      | Noticed Maurice
  2596 | D:9      | Noticed Erica
  2614 | D:9      | Killed Erica
  2614 | D:9      | Reached skill level 11 in Axes
  2621 | D:9      | Killed Maurice
  2621 | D:9      | Reached XP level 10. HP: 41/90 MP: 11/13
  2651 | D:9      | Reached skill level 5 in Invocations
  2807 | D:8      | Reached skill level 12 in Axes
  2848 | D:10     | Entered Level 10 of the Dungeon
  2852 | D:10     | Noticed asdu's ghost (experienced GrAs)
  2870 | D:10     | Killed asdu's ghost
  2873 | D:10     | Acquired Makhleb's second power
  2889 | D:10     | Noticed Erolcha
  2901 | D:10     | Killed Erolcha
  2918 | D:10     | Noticed a purple ugly thing
  2927 | D:10     | Killed a purple ugly thing
  3182 | D:11     | Reached skill level 13 in Axes
  3241 | D:11     | Acquired Makhleb's third power
  3250 | D:11     | Reached XP level 11. HP: 82/98 MP: 17/17
  3312 | D:11     | Found a staircase to the Lair.
  3473 | D:12     | Identified a scroll of acquirement
  3603 | D:12     | Noticed a hill giant
  3610 | D:12     | Killed a hill giant
  3610 | D:12     | Reached skill level 10 in Fighting
  3614 | D:12     | Acquired Makhleb's fourth power
  3632 | D:12     | Learned a level 3 spell: Regeneration
  3652 | D:12     | Found Ygudag's Armour Shop.
  3653 | D:12     | Found a staircase to the Orcish Mines.
  3692 | D:12     | Reached skill level 1 in Necromancy
  3713 | D:12     | Bought a +2 pair of boots for 214 gold pieces
  3713 | D:12     | Bought a +1 pair of gloves for 149 gold pieces
  3745 | Orc:1    | Entered Level 1 of the Orcish Mines
  3842 | Orc:2    | Reached skill level 14 in Axes
  3858 | Orc:2    | Reached skill level 1 in Charms
  3880 | Orc:3    | Acquired Makhleb's fifth power
  4130 | Orc:3    | Found a staircase to the Elven Halls.
  4241 | Orc:4    | Entered Level 4 of the Orcish Mines
  4263 | Orc:4    | Noticed 4thArraOfDagon's ghost (powerful DDBe)
  4278 | Orc:4    | Killed 4thArraOfDagon's ghost
  4322 | Orc:4    | Reached skill level 10 in Invocations
  4326 | Orc:4    | Noticed an orc high priest
  4328 | Orc:4    | Noticed an orc high priest
  4330 | Orc:4    | Noticed an orc high priest
  4330 | Orc:4    | Killed an orc high priest
  4330 | Orc:4    | Paralysed by an orc sorcerer for 6 turns
  4335 | Orc:4    | Noticed a soul eater
  4337 | Orc:4    | Noticed a soul eater
  4340 | Orc:4    | Reached XP level 12. HP: 53/106 MP: 19/19
  4342 | Orc:4    | Noticed an orc high priest
  4346 | Orc:4    | Killed an orc high priest
  4632 | Orc:4    | Killed an orc high priest
  4651 | Orc:4    | Killed an orc high priest
  4673 | Orc:4    | Found Afutz's General Store.
  4673 | Orc:4    | Found Pifeih's Assorted Antiques.
  4674 | Orc:4    | Found Neduan's Antique Weapon Shoppe.
  4682 | Orc:4    | Found Fapuot's Armour Shoppe.
  4700 | Orc:4    | Bought the +1 plate armour of Xewk {rElec Regen+ Int-4} for 504 gold pieces
  4713 | Orc:4    | Bought a square brass amulet for 135 gold pieces
  4834 | Orc:4    | Noticed an orc high priest
  4846 | Orc:4    | Killed an orc high priest
  4846 | Orc:4    | Reached skill level 15 in Axes
  5286 | Lair:1   | Entered Level 1 of the Lair of Beasts
  5353 | Lair:2   | Noticed Goblin1989's ghost (experienced DsMo)
  5364 | Lair:2   | Killed Goblin1989's ghost
  5369 | Lair:2   | Noticed a six-headed hydra
  5376 | Lair:2   | Killed a six-headed hydra
  5376 | Lair:2   | Reached skill level 1 in Dodging
  5396 | Lair:2   | Reached skill level 10 in Armour
  5482 | Lair:2   | Reached XP level 13. HP: 115/115 MP: 21/21
  5486 | Lair:2   | Noticed Nergalle
  5495 | Lair:2   | Killed Nergalle
  5572 | Lair:5   | Reached skill level 5 in Evocations
  5603 | Lair:5   | Noticed Rupert
  5620 | Lair:5   | Killed Rupert
  5620 | Lair:5   | Reached skill level 16 in Axes
  5752 | Lair:8   | Entered Level 8 of the Lair of Beasts
  6290 | Lair:8   | Reached XP level 14. HP: 125/125 MP: 23/23
  6394 | Lair:8   | Reached skill level 17 in Axes
  6871 | Lair:6   | Got a ring of the Octopus King
  6874 | Lair:6   | Identified a ring of the Octopus King {Wiz AC+1 EV+1 Str+1 Int+1 Dex+1} (You found it on level 6 of the Lair of Beasts)
  7169 | Lair:5   | Got a pair of twisted gloves
  7180 | Lair:5   | Identified the +0 pair of gloves "Mozxid" {rF+ Int+3 Stlth+} (You found it on level 5 of the Lair of Beasts)
  7341 | Lair:4   | Learned a level 7 spell: Controlled Blink
  7472 | Lair:3   | Found a staircase to the Snake Pit.
  7937 | Lair:4   | Found a staircase to the Swamp.
  7954 | Swamp:1  | Entered Level 1 of the Swamp
  7977 | Swamp:2  | Noticed Jorgrun
  7986 | Swamp:2  | Killed Jorgrun
  8025 | Swamp:3  | Reached XP level 15. HP: 127/133 MP: 24/24
  8071 | Swamp:3  | Noticed a thorn hunter
  8085 | Swamp:3  | Killed a thorn hunter
  8085 | Swamp:3  | Reached skill level 18 in Axes
  8097 | Swamp:3  | Reached skill level 5 in Dodging
  8149 | Swamp:4  | Entered Level 4 of the Swamp
  8209 | Swamp:4  | Noticed a thorn hunter
  8223 | Swamp:4  | Noticed a thorn hunter
  8235 | Swamp:4  | HP: 6/133 [spiny frog (5)]
  8237 | Swamp:4  | HP: 1/134 [four-headed hydra (8)]
  8238 | Swamp:4  | Slain by an alligator

Dungeon Overview and Level Annotations

Branches:
Dungeon (13/15)            Temple (1/1) D:6            Lair (8/8) D:11
  Swamp (4/4) Lair:4        Snake (0/4) Lair:3          Orc (4/4) D:12
    Elf (0/3) Orc:3
  Slime: Lair:6-8    Vaults: D:13-14

Altars:
Cheibriados
Dithmenos
Fedhas
Gozag
Kikubaaqudgha
Makhleb
Okawaru
Qazlal
Ru
Sif Muna
Trog
Vehumet
Xom
Yredelemnul
The Shining One

Shops:
D:12 [   Orc:4 **([


Message History

The seven-headed hydra bites you but does no damage.
The seven-headed hydra bites you!
The seven-headed hydra bites you but does no damage. x3
The thorn hunter fires a volley of thorns at you.
The volley of thorns hits you! The spiny frog barely misses you.
The thorn hunter hits you but does no damage.
The thorn hunter hits you!
The four-headed hydra bites you but does no damage.
The four-headed hydra bites you.
The four-headed hydra bites you but does no damage. x2
Unknown command.
Drink which item? (? for menu, Esc to quit)
You feel much better. The seven-headed hydra bites you.
The seven-headed hydra bites you.
The seven-headed hydra bites you but does no damage. x4
The seven-headed hydra barely misses you.
The thorn hunter hits you.
The thorn hunter hits you but does no damage.
The spiny frog closely misses you.
The swamp drake breathes noxious fumes at you.
The noxious blast engulfs the thorn hunter.
The thorn hunter hits you. The thorn hunter closely misses you.
The four-headed hydra closely misses you.
The four-headed hydra bites you!
The four-headed hydra bites you but does no damage.
The four-headed hydra closely misses you.
Drink which item? (? for menu, Esc to quit)
You feel much better.
The briar patch crumbles away.
The briar patch crumbles away.
The seven-headed hydra bites you but does no damage. x2
The seven-headed hydra closely misses you.
The seven-headed hydra bites you but does no damage.
The seven-headed hydra barely misses you.
The seven-headed hydra misses you.
The seven-headed hydra bites you but does no damage.
The spiny frog closely misses you. The thorn hunter hits you!
The thorn hunter hits you.
The thorn hunter hits you but does no damage.
The thorn hunter completely misses you. The alligator bites you!
You die...

You could see 2 thorn hunters, an alligator (frenzied), a seven-headed hydra, 2 four-headed hydras, a swamp dragon, a spiny frog (frenzied) and 2 swamp drakes.

Vanquished Creatures
  Jorgrun (Swamp:2)
  A thorn hunter (Swamp:3)
  6 hydras
  A catoblepas (Lair:8)
  Erica (D:9)
  Erolcha (D:10)
  An alligator (Swamp:4)
  The ghost of Goblin1989 the Martial Artist, an experienced DsMo of Cheibriados (Lair:2)
  12 death yaks (Lair:8)
  5 orc high priests (Orc:4)
  Nergalle (Lair:2)
  7 swamp dragons (Swamp:4)
  A shambling mangrove (Swamp:4)
  3 spriggan druids
  An ice statue (Lair:4)
  A hill giant (D:12)
  An ugly thing (D:10)
  3 orc sorcerers
  2 griffons
  A hornet (Swamp:4)
  The ghost of asdu the Cudgeler, an experienced GrAs of Ru (D:10)
  7 elephants
  Maurice (D:9)
  Joseph (D:7)
  8 black mambas (Lair:3)
  An orange crystal statue (Lair:5)
  A centaur skeleton (D:11)
  9 spiny frogs
  5 komodo dragons
  A freezing wraith (Lair:4)
  5 fire drakes
  2 trolls
  A two-headed ogre (D:8)
  2 polar bears (Lair:4)
  3 slime creatures (Swamp:4)
  2 giant leeches (Swamp:4)
  A bog body (Swamp:4)
  18 blink frogs
  A trapdoor spider (D:12)
  36 yaks
  4 fire bats (Orc:4)
  6 hippogriffs
  A deep elf mage (D:10)
  A wyvern (D:7)
  25 wolves
  3 basilisks
  A deep elf fighter (D:11)
  A human (D:7)
  2 hungry ghosts
  A fire elemental (Orc:4)
  2 wargs
  3 insubstantial wisps (Swamp:3)
  7 swamp worms
  11 water moccasins
  A mottled dragon (D:11)
  6 porcupines
  2 wasps
  A phantom (D:6)
  6 ice beasts (Lair:4)
  A necrophage (D:10)
  12 orc warriors
  3 swamp drakes (Swamp:4)
  2 centaurs
  7 ogres
  10 crocodiles
  3 big kobolds
  7 giant frogs
  2 scorpions
  5 killer bees
  2 electric eels
  4 hounds
  A jelly (D:7)
  29 orc priests
  3 crimson imps
  3 giant frog skeletons
  7 iguanas
  26 sheep
  39 orc wizards
  4 worker ants
  9 adders
  3 gnolls (D:2)
  30 river rats
  A shadow imp (D:6)
  2 white imps (Lair:4)
  2 adder skeletons
  3 giant geckos
  140 orcs
  2 goblins
  A hobgoblin (D:3)
  2 jackals (D:7)
  7 kobolds
  2 quokkas
  3 ball pythons (Lair:3)
  9 bats
  2 giant newts
  A jackal skeleton (D:4)
  A quokka skeleton (D:6)
  8 rats
  11 briar patches
  6 fungi
656 creatures vanquished.

Vanquished Creatures (collateral kills)
  Rupert (Lair:5)
  The ghost of 4thArraOfDagon the Severer, a powerful DDBe of Trog (Orc:4)
  2 hydras
  2 catoblepae (Lair:8)
  An alligator (Swamp:3)
  An orc sorcerer (Orc:4)
  An insubstantial wisp (Swamp:3)
  A swamp worm (Swamp:3)
  A swamp drake (Swamp:3)
  3 orc warriors
  An orc wizard (Orc:4)
  7 orc priests
  A sheep (Lair:8)
  A river rat (D:11)
  15 orcs
  2 fungi (Lair:3)
  A plant (Lair:3)
42 creatures vanquished.

Vanquished Creatures (others)
  An orc (Orc:2)
  2 fungi (Lair:4)
3 creatures vanquished.

Grand Total: 701 creatures vanquished

Action                   |  1- 3 |  4- 6 |  7- 9 | 10-12 | 13-15 || total
-------------------------+-------+-------+-------+-------+-------++-------
Melee: War axe           |    29 |   141 |   237 |   188 |       ||   595
       Battleaxe         |       |       |       |   379 |   533 ||   912
Throw: Throwing net      |       |     2 |       |     1 |       ||     3
Invok: Lesser Servant of |       |       |       |     6 |    11 ||    17
       Major Destruction |       |       |       |    13 |     4 ||    17
       Minor Destruction |       |       |       |     2 |       ||     2
       Greater Servant o |       |       |       |       |     2 ||     2
 Abil: Evoke Flight      |       |       |       |       |     2 ||     2
Evoke: Wand              |       |     4 |    19 |     4 |     2 ||    29
       Deck              |       |       |       |       |     2 ||     2
       Disc of storms    |       |       |       |       |    27 ||    27
  Use: Potion            |     1 |     4 |     7 |     1 |     4 ||    17
       Scroll            |       |       |     9 |    14 |     6 ||    29
 Stab: Paralysed         |       |     1 |    20 |       |       ||    21
       Invisible         |       |       |     1 |     7 |     9 ||    17
       Distracted        |       |       |       |       |     5 ||     5
       Petrifying        |       |       |       |       |     1 ||     1
  Eat: Chunk             |       |     1 |     5 |    12 |    12 ||    30
       Fruit             |       |       |     1 |     1 |       ||     2
       Royal jelly       |       |       |       |     1 |       ||     1

Vault maps used:
D:1:      dpeg_arrival_pits
D:4:      first_bread, minmay_cupped
D:5:      serial_glass, glass_columns_c, glass_columns_c, minmay_misc_feat_tower
D:6:      minmay_temple_entry_poolview
D:7:      old_standard_altar, grunt_livestock,
          nicolae_dithmenos_through_a_glass_darkly, uniq_crazy_yiuf_cottage,
          uniq_joseph
D:9:      serial_park_tiny_1, uniq_erica, uniq_maurice
D:10:     st_stairs_6, sword_in_stone, uniq_erolcha
D:11:     grunt_lair_entry_elf_guard_hut
D:12:     orc_david_3
D:13:     hangedman_vaults_entry_quadrant_bands, serial_shops,
          nicolae_shop_temple_entry_statues_fountains, uniq_snorg, uniq_kirke
Temple:   grunt_circular_temple_18
Lair:1:   infiniplex_staircase_pool, grunt_megastairs_3
Lair:2:   beast_lair_carwin_large_2, infiniplex_staircase_pool_2,
          grunt_megastairs_2, uniq_nergalle, uniq_harold
Lair:3:   minmay_snake_entry_six_corridors
Lair:4:   nicolae_swamp_entry_splash_gauntlet, ice2_lemuel
Lair:5:   statuecave_lemuel, uniq_rupert
Lair:6:   dpeg_slime_entry_corner, grunt_megastairs_5
Lair:7:   pf_torpor_hydra
Lair:8:   evilmike_catoblepas_cave
Swamp:1:  evilmike_swamp_ruin_house_1
Swamp:2:  evilmike_swamp_ruin_rubble_1, uniq_jorgrun
Swamp:3:  hangedman_swamp_lotus, swamp_pool3, uniq_donald
Swamp:4:  swamp_alternative
Orc:1:    nicolae_orc_accident_2
Orc:3:    nicolae_orc_pool_cavern
Orc:4:    st_orc_mages, nicolae_orc_lava_tube
